 Dungeon Crawl Stone Soup version 0.10.0-32-gfa280cc character file.

4448 Raumkraut the Skirmisher (level 9, -3/64 HPs)
             Began as a Demigod Hunter on Mar 9, 2012.
             Killed by divine providence
             ... invoked by an orc priest
              (9 damage)
             ... on Level 8 of the Dungeon.
             The game lasted 01:17:33 (7950 turns).

Raumkraut the Skirmisher (Demigod Hunter)           Turns: 7950, Time: 01:17:33

HP  -3/64        AC 14     Str 18      XL: 9   Next: 86%
MP  18/18        EV 15     Int 16      God:
Gold 370         SH 19     Dex 18      Spells:  2 memorised,  9 levels left

Res.Fire  : . . .   See Invis. : .   a - +0,+3 orc trident (protect)
Res.Cold  : . . .   Warding    : . . r - +2 leather armour {MR}
Life Prot.: . . .   Conserve   : .   O - +0 shield
Res.Acid. : . . .   Res.Corr.  : .   d - +1 wizard hat
Res.Poison: .       Clarity    : .   (no cloak)
Res.Elec. : .       Spirit.Shd : .   N - +2 pair of gauntlets
Sust.Abil.: . .     Stasis     : .   (no boots)
Res.Mut.  : .       Ctrl.Telep.: .   (no amulet)
Res.Rott. : .       Levitation : .   F - cursed +4 ring of evasion
Saprovore : . . .   Ctrl.Flight: .   i - cursed ring of hunger {unknown}

@: very resistant to hostile enchantments, quite stealthy
A: herbivore 1, -10% hp, magic resistance 1, wild magic 1, Str -1
a: no special abilities


You were on level 8 of the Dungeon.
You were near starving.

You visited 1 branch of the dungeon, and saw 8 of its levels.

You collected 350 gold pieces.

Inventory:

Hand weapons
 a - a +0,+3 orcish trident of protection (weapon)
 b - the +4,+2 sling of Shoni {flame, rPois Str+2}
   (You found it on level 5 of the Dungeon)

   It turns projectiles fired from it into bolts of flame.
   It affects your strength (+2).
   It protects you from poison.
 f - a +1,+5 orcish spear of freezing
 h - a +2,+1 long sword of holy wrath
 D - a +3,+1 scythe of dragon slaying
 P - a +1 blowgun
 S - a +1,+2 dagger of flaming
 U - a +0 blowgun
 V - a +0 blowgun
Missiles
 c - 2 +0 throwing nets
 e - 4 +0 javelins
 l - 7 +0 needles of slowing
 o - 35 +0 stones (quivered)
 p - 48 poisoned +0 needles
 v - 23 +0 sling bullets
 z - 8 +0 needles of sickness
 B - 5 +1 javelins
 H - 13 +1 sling bullets
 Q - 2 poisoned +4 needles
 T - 2 poisoned +3 needles
Armour
 d - a +1 wizard hat (worn)
 r - a +2 leather armour of magic resistance (worn)
 N - a +2 pair of gauntlets (worn)
 O - a +0 shield (worn)
Magical devices
 s - a wand of frost (16)
 W - a wand of teleportation (11) {unknown}
 X - a wand of confusion (8) {unknown}
Comestibles
 m - a chunk of big fish flesh
 I - a meat ration
 K - 6 bread rations
Scrolls
 g - 4 scrolls of detect curse
 q - 11 scrolls of identify
 u - 2 scrolls of teleportation
 A - 2 scrolls of enchant weapon II
 G - 2 scrolls of enchant armour {unknown}
 R - a scroll of magic mapping
Jewellery
 i - a cursed ring of hunger (left hand) {unknown}
 n - an uncursed ring of magical power
 t - an uncursed ring of ice
 F - a cursed +4 ring of evasion (right hand)
Potions
 w - 3 potions of brilliance
 E - a potion of restore abilities
 J - 2 potions of levitation
Books
 j - a book of Burglary

   Spells                             Type                      Level
   Apportation                        Translocation                1
   *Swiftness                         Charms/Air                   2
   Passwall                           Transmutation/Earth          3
   Control Teleport                   Charms/Translocation         4
   Lee's Rapid Deconstruction         Earth                        5
   Passage of Golubria                Translocation                4
   Darkness                           Hexes                        7
 y - a book of Debilitation

   Spells                             Type                      Level
   *Corona                            Hexes                        1
   Slow                               Hexes                        2
   Inner Flame                        Hexes/Fire                   3
   Enslavement                        Hexes                        4
   Cause Fear                         Hexes                        4


   Skills:
 * Level 6.0 Fighting
 - Level 1.1 Short Blades
 - Level 1.7 Long Blades
 + Level 4.2 Polearms
 + Level 3.8 Slings
 - Level 3.6 Throwing
 - Level 2.9 Armour
 + Level 4.3 Dodging
 + Level 5.1 Stealth
 * Level 3.1 Shields
 + Level 3.9 Traps & Doors
 - Level 2.1 Unarmed Combat
 + Level 2.2 Spellcasting
 - Level 1.7 Hexes
 - Level 1.0 Charms
 - Level 1.0 Air Magic


You had 9 spell levels left.
You knew the following spells:

 Your Spells              Type           Power        Failure   Level  Hunger
e - Corona                Hex            ###.....     95%         1    Strawberry
f - Swiftness             Air/Chrm       ##........   99%         2    Choko

Dungeon Overview and Level Annotations

Branches:
Dungeon (8/27)             Temple (0/1) D:5
    Orc: D:6-11        Lair: D:8-13


Innate Abilities, Weirdness & Mutations

You digest meat inefficiently.
You are frail (-10% HP).
You are resistant to hostile enchantments.
You are weak (Str -1).
Your spells are a little harder to cast, but a little more powerful.


Message History

You block the orc priest's attack.
The orc priest invokes the aid of Beogh against you.
Something smites you!
* * * LOW HITPOINT WARNING * * *
Drink which item? (? for menu, Esc to quit)
You feel better. The orc hits you but does no damage.
The orc barely misses you. The orc priest closely misses you.
Drink which item? (? for menu, Esc to quit)
Okay, then.
You puncture the orc priest.
The orc priest is moderately wounded.
The orc hits you but does no damage. You block the orc's attack.
The orc priest hits you with an orcish mace.
* * * LOW HITPOINT WARNING * * *
You puncture the orc priest.
The orc priest is heavily wounded.
You block the orc's attack. The orc hits you but does no damage.
The orc priest invokes the aid of Beogh against you.
Something smites you!
You die...

.(. #≈≈≈≈≈≈≈≈≈≈≈≈ .. ....#
#≈≈≈≈≈≈≈≈≈≈≈≈.. .. .....#
#≈≈;≈≈≈≈≈≈≈≈≈... ...
......####≈≈≈≈≈≈≈≈≈≈≈≈.......
.!............................
...............................
................................
...............o.................
..............oo@...............(
................o................
.................................
..........####≈≈;;≈≈≈≈≈≈≈≈......>
..........# #≈≈≈≈≈≈≈≈≈≈≈≈.......
..........# #≈≈≈≈≈≈≈≈≈≈≈≈.......
..........# #≈≈≈≈≈≈≈≈≈≈≈≈.......
.........o# #≈≈≈≈≈≈≈≈≈≈≈≈.......
.........# #≈≈≈≈≈≈≈≈≈≈≈≈.......


You could see a giant goldfish, 2 big fish, 2 orc priests and 2 orcs.

Vanquished Creatures
  Grinder (D:3)
  Prince Ribbit (D:5)
  Eustachio (D:6)
  A hungry ghost (D:7)
  2 hippogriffs (D:8)
  3 giant goldfish (D:8)
  An orc warrior (D:7)
  7 ogres
  Sigmund (D:5)
  7 big kobolds (D:6)
  4 giant frogs
  A soldier ant zombie (D:7)
  7 crimson imps
  A quasit (D:8)
  A gnoll shaman (D:8)
  3 orc priests
  2 hounds
  A hound skeleton (D:7)
  A scorpion (D:5)
  6 big fish (D:8)
  A hound zombie (D:5)
  An iguana (D:7)
  4 orc wizards
  3 worker ants
  A mummy (D:4)
  A goliath beetle zombie (D:8)
  2 jellies
  11 adders
  6 gnolls (D:8)
  A green rat (D:6)
  An adder zombie (D:8)
  3 giant mites (D:4)
  4 worms
  An adder skeleton (D:8)
  A white imp (D:6)
  2 ufetubi (D:6)
  5 giant geckos
  An ooze (D:7)
  14 orcs
  A ball python (D:4)
  A giant cockroach (D:5)
  20 hobgoblins
  30 kobolds
  7 quokkas
  15 bats
  A giant gecko skeleton (D:6)
  8 giant newts
  17 goblins
  2 hobgoblin zombies
  5 jackals
  A kobold skeleton (D:8)
  4 kobold zombies
  An orc skeleton (D:7)
  An orc zombie (D:8)
  13 rats
  A rat skeleton (D:4)
  2 plants (D:2)
245 creatures vanquished.

Vanquished Creatures (others)
  11 toadstools
11 creatures vanquished.

Grand Total: 256 creatures vanquished

Notes
Turn   | Place    | Note
--------------------------------------------------------------
     0 | D:1      | Raumkraut, the Demigod Hunter, began the quest for the Orb.
     0 | D:1      | Reached XP level 1. HP: 17/17 MP: 2/2
   107 | D:1      | Reached skill level 1 in Short Blades
   365 | D:1      | Reached skill level 1 in Stealth
   454 | D:1      | Reached XP level 2. HP: 24/24 MP: 3/3
   932 | D:1      | Reached skill level 1 in Armour
  1120 | D:2      | Reached skill level 1 in Unarmed Combat
  1145 | D:2      | Reached skill level 1 in Traps & Doors
  1176 | D:2      | Reached skill level 1 in Polearms
  1176 | D:2      | Reached XP level 3. HP: 26/29 MP: 5/5
  1537 | D:2      | Found a blossoming altar of Fedhas.
  1619 | D:2      | Gained mutation: Your body is slowly deteriorating.
  1619 | D:2      | Gained mutation: Your spells are a little harder to cast, but a little more powerful.
  1619 | D:2      | Gained mutation: You are weak (Str -1).
  1671 | D:2      | Found a glowing silver altar of Zin.
  2081 | D:3      | Noticed Grinder
  2090 | D:3      | Paralysed by Grinder for 3 turns
  2096 | D:3      | Killed Grinder
  2096 | D:3      | Reached XP level 4. HP: 35/37 MP: 7/7
  2096 | D:3      | Reached XP level 5. HP: 39/42 MP: 8/8
  2261 | D:3      | Reached XP level 6. HP: 50/50 MP: 10/10
  3278 | D:5      | Entered Level 5 of the Dungeon
  3278 | D:5      | Noticed Prince Ribbit
  3292 | D:5      | Got a pitted sling
  3295 | D:5      | Identified the sling of Shoni {flame, rPois Str+2} (You found it on level 5 of the Dungeon)
  3340 | D:5      | Noticed Sigmund
  3379 | D:5      | Reached skill level 1 in Long Blades
  3443 | D:5      | Reached XP level 7. HP: 57/57 MP: 12/12
  3463 | D:5      | Found a staircase to the Ecumenical Temple.
  3592 | D:5      | Gained mutation: You digest meat inefficiently.
  3624 | D:5      | Killed Prince Ribbit
  3624 | D:5      | Reached skill level 4 in Fighting
  3826 | D:5      | Killed Sigmund
  4092 | D:5      | Reached skill level 1 in Slings
  4133 | D:5      | Reached XP level 8. HP: 58/64 MP: 13/13
  4323 | D:5      | Lost mutation: Your body is slowly deteriorating.
  4323 | D:5      | Gained mutation: You are resistant to hostile enchantments.
  4323 | D:5      | Gained mutation: You are frail (-10% HP).
  4330 | D:6      | Found a glowing golden altar of the Shining One.
  4464 | D:6      | Learned a level 1 spell: Corona
  4678 | D:6      | Found a shimmering altar of Xom.
  4814 | D:6      | Noticed Eustachio
  4857 | D:6      | Killed Eustachio
  4857 | D:6      | Reached skill level 1 in Hexes
  4915 | D:6      | Noticed a big kobold
  4915 | D:6      | Noticed a big kobold
  4915 | D:6      | Noticed a big kobold
  4915 | D:6      | Noticed a big kobold
  4915 | D:6      | Noticed a big kobold
  4915 | D:6      | Noticed a big kobold
  4915 | D:6      | Noticed a big kobold
  4916 | D:6      | Noticed a big kobold
  4942 | D:6      | Killed a big kobold
  4942 | D:6      | Reached skill level 1 in Spellcasting
  4954 | D:6      | Killed a big kobold
  4954 | D:6      | Reached skill level 5 in Fighting
  5010 | D:6      | Killed a big kobold
  5178 | D:6      | Killed a big kobold
  5210 | D:6      | Killed a big kobold
  5224 | D:6      | Killed a big kobold
  5287 | D:6      | Killed a big kobold
  5787 | D:7      | Reached XP level 9. HP: 49/63 MP: 18/18
  5970 | D:7      | Learned a level 2 spell: Swiftness
  6246 | D:7      | Reached skill level 1 in Shields
  6693 | D:8      | Reached skill level 5 in Stealth
  6792 | D:8      | Reached skill level 1 in Air Magic
  7424 | D:8      | Reached skill level 1 in Charms
  7943 | D:8      | Reached skill level 6 in Fighting
  7947 | D:8      | HP: 3/64 [orc priest/divine providence (14)]
  7950 | D:8      | Killed from afar by an orc priest
